 Dungeon Crawl Stone Soup version 0.30-a0-253-g6b895097cc (webtiles) character file.

Game seed: 179915347581683613

44 BritishOli the Trooper (level 3, -4/29 HPs)
             Began as a Demonspawn Fighter on Oct 13, 2022.
             Slain by Terence
             ... wielding a +0 flail
              (7 damage)
             ... on level 2 of the Dungeon.
             The game lasted 00:00:39 (916 turns).

BritishOli the Trooper (Demonspawn Fighter)          Turns: 916, Time: 00:00:40

Health: -4/29      AC: 13    Str: 18    XL:     3   Next: 39%
Magic:  3/3        EV:  9    Int:  9    God:
Gold:   28         SH:  4    Dex: 12    Spells: 2/2 levels left

rFire   . . .      SeeInvis .    a - +0 long sword
rCold   . . .      Faith    .    c - +0 buckler
rNeg    . . .      Spirit   .    b - +0 scale mail
rPois   .          Reflect  .    (no helmet)
rElec   .          Harm     .    j - +0 cloak
rCorr   .          Rampage  .    (no gloves)
Will    .....                    (no boots)
Stlth   ..........               (no amulet)
HPRegen 0.24/turn                (no ring)
MPRegen 0.08/turn                (no ring)

@: sanguine armoured
A: sanguine armour 1
a: no special abilities


You were on level 2 of the Dungeon.
You visited 1 branch of the dungeon, and saw 2 of its levels.

You collected 28 gold pieces.

Inventory:

Hand Weapons
 a - a +0 long sword (weapon)
Armour
 b - a +0 scale mail (worn)
 c - a +0 buckler (worn)
 j - a +0 cloak (worn)
Scrolls
 h - 6 scrolls of identify {unknown}
 k - 3 scrolls of enchant weapon {unknown}
 l - a scroll of vulnerability {unknown}
Potions
 d - a potion of might
 e - a potion of curing
 f - a potion of degeneration {unknown}
 g - a potion of ambrosia {unknown}
 i - a potion of flight {unknown}


   Skills:
 + Level 3.4 Fighting
 + Level 2.2 Long Blades
 + Level 3.1 Armour
 + Level 3.1 Shields


You had 2 spell levels left.
You didn't know any spells.
Your spell library was empty.

Dungeon Overview and Level Annotations

Branches:
Dungeon (2/15)

Altars:

Annotations:
D:2 Terence


Innate Abilities, Weirdness & Mutations

When seriously injured, your blood forms armour. (AC +6)


Message History

Terence attacks as you move away! Terence hits you with a +0 flail.
Things that are here:
a +0 dagger; 4 stones; a ball python corpse You hit Terence.
Terence is moderately wounded.
Terence screams, "I'm going to kill you!"
Terence misses you.
You hit Terence but do no damage.
Terence is moderately wounded.
Terence hits you with a +0 flail!
* * * LOW HITPOINT WARNING * * *
You hit Terence.
Terence is moderately wounded.
Terence closely misses you. You block Terence's attack.
You closely miss Terence.
Terence is moderately wounded.
Terence completely misses you.
You hit Terence.
Terence is heavily wounded.
Terence drinks a potion.
Terence is healed!
You block Terence's attack.
You hit Terence.
Terence is moderately wounded.
Terence closely misses you.
You closely miss Terence.
Terence is moderately wounded.
You block Terence's attack.
You hit Terence.
Terence is heavily wounded.
Terence completely misses you. Terence hits you with a +0 flail!
* * * LOW HITPOINT WARNING * * *
You barely miss Terence.
Terence is heavily wounded.
Terence closely misses you.
You hit Terence.
Terence is heavily wounded.
Terence closely misses you.
You hit Terence.
Terence is severely wounded.
Terence hits you with a +0 flail!
You die...

.....# .....# .....#
.....######
....†.....######
.....####.#....#
.....####.#.##.###
......†..........#
.....##.....#.(#@#
.....##........#@#
.....##....#...#w########..
#######....................
##.....#.............
#.....>.............
#.).#...............
#..†#..############.
#...#.....#


You could see Terence and a dart slug.

Vanquished Creatures
  A gnoll (D:1)
  An adder (D:2)
  3 endoplasms (D:1)
  A giant cockroach (D:1)
  A goblin (D:1)
  3 hobgoblins
  6 ball pythons
  2 bats
  4 frilled lizards (D:1)
  A kobold (D:2)
  2 rats (D:2)
25 creatures vanquished.

Notes
Turn   | Place    | Note
-------+----------+-------------------------------------------
     0 | D:1      | BritishOli the Demonspawn Fighter began the quest for the
                  | Orb.
     0 | D:1      | Reached XP level 1. HP: 18/18 MP: 1/1
    18 | D:1      | Gained mutation: When seriously injured, your blood forms
                  | armour. (AC +6) [demonic ancestry]
    18 | D:1      | Reached XP level 2. HP: 15/24 MP: 2/2
   827 | D:2      | Reached XP level 3. HP: 29/29 MP: 3/3
   866 | D:2      | Noticed Terence
   916 | D:2      | Slain by Terence

Illustrated notes

Levels and vault maps discovered:
D:1:      minmay_arrival_radiant_lines, layout_loops_cross, serial_rivers,
          chequers_serial_rivers_small_a, chequers_serial_rivers_micro_e,
          chequers_serial_rivers_micro_a, chequers_serial_rivers_micro_b,
          kennysheep_small_spiral
D:2:      layout_basic, hellmonk_ecumenical_altar_run_dry, serial_park_tiny_1,
          uniq_terence

Skill      XL: |  1  2 |
---------------+-------+-----
Long Blades    | 2 |  2.2
Armour         | 3 |  3.1
Shields        | 3 |  3.1
Fighting       | |  3.4

Action                   || total
-------------------------++-------
Melee: Long sword        ||    85
Armor: Scale mail        ||    60
Dodge: Dodged            ||    52
Block: Buckler           ||    29

Table legend: (Time is in decaauts)
 A = Elapsed time spent in this place.
 B = Non-inter-level travel time spent in this place.
 C = Inter-level travel time spent in this place.
 D = Time resting spent in this place.
 E = Time spent auto-exploring this place.
 F = Levels seen in this place.
 G = Mean time per level.
                   A        B        C        D        E       F      G
               +--------+--------+--------+--------+--------+-----+--------+
         Total |    949 |    913 |     36 |      0 |    714 |   2 |  474.5 |
       Dungeon |    949 |    913 |     36 |      0 |    714 |   2 |  474.5 |
               +--------+--------+--------+--------+--------+-----+--------+

Top non-repeatable levels by time:
     D:1: 820 daAuts
     D:2: 129 daAuts
